 Dungeon Crawl Stone Soup version 0.18.1-50-g88ac8fd (webtiles) character file.

932 zoopyjoobles the Conjurer (level 8, -4/41 HPs)
             Began as a Gargoyle Fire Elementalist on Nov 1, 2016.
             Was a Believer of Sif Muna.
             Slain by a centaur (7 damage)
             ... on level 5 of the Dungeon.
             The game lasted 00:12:00 (5870 turns).

zoopyjoobles the Conjurer (GrFE)                    Turns: 5870, Time: 00:12:01

Health: -4/41      AC:  9    Str: 12    XL:     8   Next: 11%
Magic:  9/16       EV: 11    Int: 18    God:    Sif Muna [**....]
Gold:   286        SH:  0    Dex: 10    Spells: 2 memorised, 12 levels left

rFire  . . .     SeeInvis +     w - +0 flail
rCold  . . .     Gourm    .     A - +0 leather armour
rNeg   + . .     Faith    .     (no shield)
rPois  ∞         Spirit   .     (no helmet)
rElec  +         Dismiss  .     (no cloak)
rCorr  .         Reflect  .     o - +0 pair of gloves
SustAt .         Harm     .     (no boots)
MR     .....                    (no amulet)
Stlth  +.........               x - ring of loudness
                                B - ring of see invisible

@: not resistant to hostile enchantments, very unstealthy
A: claws 1, negative energy resistance 1, electricity resistance, unbreathing,
petrification resistance, rot immunity, sturdy frame 1, AC +5
a: Channel Energy, Renounce Religion


You were on level 5 of the Dungeon.
You worshipped Sif Muna.
Sif Muna was pleased with you.
You were not hungry.

You visited 1 branch of the dungeon, and saw 5 of its levels.

You collected 286 gold pieces.

Inventory:

Hand Weapons
 w - a +0 flail (weapon)
Armour
 o - a +0 pair of gloves (worn)
 q - a +0 ring mail
 y - a +0 robe
 A - a +0 leather armour (worn)
Jewellery
 a - a cursed ring of teleportation {unknown}
 u - an uncursed amulet of magic regeneration {unknown}
 x - a ring of loudness (right hand)
 B - a ring of see invisible (left hand)
Scrolls
 e - 3 scrolls of recharging
 g - 8 scrolls of identify
 k - a scroll of blinking
 n - a scroll of magic mapping
 p - 2 scrolls of noise {unknown}
 t - 4 scrolls of teleportation
Potions
 d - 2 potions of heal wounds {unknown}
 f - 3 potions of curing
 j - 2 potions of mutation {unknown}
 r - a potion of degeneration {unknown}
 s - 2 potions of lignification {unknown}
 v - a potion of agility
 z - a potion of cure mutation
Books
 b - a book of Flames

   Spells                             Type                      Level
   a - Flame Tongue                   Conjuration/Fire             1
   b - Throw Flame                    Conjuration/Fire             2
   c - Conjure Flame                  Conjuration/Fire             3
   d - Inner Flame                    Hexes/Fire                   3
   e - Sticky Flame                   Conjuration/Fire             4
   f - Fireball                       Conjuration/Fire             5
 l - a Grand Grimoire

   Spells                             Type                      Level
   a - Monstrous Menagerie            Summoning                    7
   b - Summon Greater Demon           Summoning                    7
   c - Malign Gateway                 Summoning/Translocation      7
   d - Summon Horrible Things         Summoning                    8
Comestibles
 c - 4 bread rations
 h - a meat ration
 i - 2 slices of pizza
 m - 2 fruits
 C - 7 chunks of flesh


   Skills:
 - Level 1.5 Dodging
 - Level 2.1 Stealth
 + Level 5.4 Spellcasting
 + Level 7.7 Conjurations
 - Level 3.0 Fire Magic


You had 12 spell levels left.
You knew the following spells:

 Your Spells              Type           Power        Failure   Level  Hunger
a - Flame Tongue          Conj/Fire      ###..        1%          1    None
b - Sticky Flame          Conj/Fire      ###.....     17%         4    ####...


Dungeon Overview and Level Annotations

Branches:
Dungeon (5/15)
 Temple: D:4-7

Altars:
Fedhas
Gozag
Kikubaaqudgha
Okawaru
Sif Muna


Innate Abilities, Weirdness & Mutations

You are resistant to torment.
Your stone body is resilient (AC +5).
You are immune to poison.
You resist negative energy.
You are resistant to electric shocks.
You can survive without breathing.
You are immune to petrification.
You are immune to rotting.
You have sharp fingernails.
Your movements are slightly less encumbered by armour (ER -2).


Message History

Items here: (( ) ÷ an arrow; a hand axe; 2 tomahawks; an adder skeleton The centaur unwields an uncursed shortbow.
The centaur hits you but does no damage.
Unknown command.
Casting: Flame Tongue
Confirm with . or Enter, or press ? or * to list all spells.
Aiming: Sticky Flame
Press: ? - help, Shift-Dir - straight line, f/p - centaur
Aim: a centaur (moderately wounded)
The sticky flame hits the centaur.
The centaur is heavily wounded.
The centaur is covered in liquid flames!
The centaur burns!
The centaur barely misses you.
You hit the centaur.
The centaur is almost dead.
The centaur burns!
The centaur misses you.
The centaur hits you but does no damage.
The centaur hits you!
You die...

####................
#....######.####.###
#.#..............# #
#....######.####.# # ##..##
#.# #.# # #..# #.# #.# #
######..# #.# ##.###
###.......#######.###.#.##
#.......c@(((..(.(##.###..
##.#.......#######.###.#...
#..........# #.# ##.###
#..#.......# #.# #.#
#.)#.......# #.####.##
#..#.......## #.......#
#..######...######.####..#
#.o# #.#..÷............#
#..# ##.#.##########.#.#


You could see a centaur (burning).

Vanquished Creatures
  Sigmund (D:4)
  A necrophage (D:5)
  An ice beast (D:5)
  An ogre (D:4)
  A centaur (D:5)
  2 howler monkeys
  A crimson imp (D:5)
  An orc wizard (D:5)
  4 worker ants
  A hound skeleton (D:5)
  4 gnolls (D:5)
  4 adders
  An adder skeleton (D:4)
  4 worms
  5 dart slugs
  3 giant geckos
  9 orcs
  12 bats
  2 giant cockroaches
  7 goblins
  9 hobgoblins
  7 jackals
  5 quokkas
  A ball python (D:1)
  3 giant newts
  9 kobolds
  5 rats
104 creatures vanquished.

Notes
Turn   | Place    | Note
--------------------------------------------------------------
     0 | D:1      | zoopyjoobles the Gargoyle Fire Elementalist began the quest for the Orb.
     0 | D:1      | Reached XP level 1. HP: 10/10 MP: 3/3
   277 | D:1      | Reached skill level 2 in Conjurations
   338 | D:1      | Reached XP level 2. HP: 15/15 MP: 3/5
   658 | D:1      | Reached skill level 3 in Conjurations
   666 | D:1      | Reached XP level 3. HP: 19/19 MP: 0/6
  1717 | D:2      | Reached skill level 4 in Conjurations
  1927 | D:3      | Reached XP level 4. HP: 24/24 MP: 3/7
  1933 | D:3      | Learned a level 4 spell: Sticky Flame
  2167 | D:3      | Found an ancient bone altar of Kikubaaqudgha.
  2825 | D:3      | Found a deep blue altar of Sif Muna.
  2842 | D:3      | Became a worshipper of Sif Muna the Loreminder
  3097 | D:4      | Reached XP level 5. HP: 28/28 MP: 3/8
  3214 | D:4      | Reached skill level 5 in Conjurations
  3384 | D:4      | Found an opulent altar of Gozag.
  3501 | D:4      | Noticed an ogre
  3528 | D:4      | Killed an ogre
  3528 | D:4      | Reached XP level 6. HP: 32/32 MP: 3/10
  3602 | D:4      | Gained mutation: You have sharp fingernails. [potion of beneficial mutation]
  3603 | D:4      | Gained mutation: Your movements are slightly less encumbered by armour (ER -2). [potion of beneficial mutation]
  3786 | D:4      | Noticed Sigmund
  3803 | D:4      | Killed Sigmund
  3803 | D:4      | Reached * piety under Sif Muna
  3803 | D:4      | Reached skill level 6 in Conjurations
  3882 | D:4      | Reached XP level 7. HP: 33/36 MP: 8/12
  4081 | D:4      | Found a blossoming altar of Fedhas.
  4235 | D:5      | Entered Level 5 of the Dungeon
  4254 | D:5      | Reached skill level 7 in Conjurations
  4954 | D:5      | Found an iron altar of Okawaru.
  5058 | D:5      | Reached skill level 5 in Spellcasting
  5475 | D:5      | Reached XP level 8. HP: 41/41 MP: 15/15
  5493 | D:5      | Reached ** piety under Sif Muna
  5870 | D:5      | Slain by a centaur

Skill      XL: |  1  2  3  4  5  6  7 |
---------------+----------------------+-----
Conjurations   | 2 3 4 5 6 7 |  7.7
Spellcasting   | 3 5 |  5.4
Dodging        | |  1.5
Stealth        | |  2.1
Fire Magic     | |  3.0

Action                   |  1- 3 |  4- 6 |  7- 9 || total
-------------------------+-------+-------+-------++-------
Melee: Unarmed           |    31 |       |       ||    31
       Club              |    18 |       |       ||    18
       Whip              |     1 |    11 |       ||    12
       Flail             |       |    20 |   135 ||   155
 Cast: Flame Tongue      |    73 |    71 |    86 ||   230
       Sticky Flame      |       |       |     2 ||     2
  Use: Scroll            |       |    10 |     1 ||    11
       Potion            |       |     2 |       ||     2
  Eat: Chunk             |     4 |     7 |     6 ||    17
       Beef jerky        |       |       |     1 ||     1
Armor: Robe              |    35 |    20 |     1 ||    56
       Ring mail         |       |     3 |    14 ||    17
       Leather armour    |       |       |    69 ||    69
Dodge: Dodged            |    84 |    40 |   136 ||   260
